Cogmind - Beta 16.1 @@@ ROGUE MODE // 2026.03.03 @ 00:51:26 Player: Savant Result: Destroyed by Y-72 Warden with Railgun Performance ------------- Evolutions (7) 3500 Regions Visited (16) 3200 Robots Destroyed (126) 630 Value Destroyed (6433) 6433 Prototype IDs (89) 1780 Alien Tech Used (7) 1400 Bonus (19697) 19697 TOTAL SCORE: 36640 Bonus ------- Triggered High Security 500 High Alert Combat Kills 2889 Follower Combat Kills 10108 Registered with UFD 300 Met Optimus in HQ 500 Met Zhirov 300 Met Warlord at Base 500 MAIN.C Attacked Warlord 500 Warlord Defense Kills 100 Used Core Reset Matrix 3000 Scanned by Researcher 500 Pursued by Intercept 500 Cogmind --------- Core Integrity 0/1300 Matter 270/300 Energy 99/100 System Corruption 14% Temperature Cool (4) +ITN Movement Flying (27) Location -3/Section 7 Parts ------- > --- POWER (2) -------- (None) > --- PROPULSION (4) --- Diametric Drive Cooled Impulse Thruster > --- UTILITY (9) ------ A0-MCA's Component Scanner > --- WEAPON (6) ------- Nanosword Lance > --- INVENTORY (5) ---- Antigrav System Advanced Force Field Improved Trap Extractor (6/6 Fire) Integrity Redistributor Vortex Cannon (25) Peak State ------------ > --- POWER ------------ Vortex Chain Reactor > --- PROPULSION ------- Cargo Legs Overtuned Huge Scrapsphere > --- UTILITY ---------- Scrap Suit Experimental Heat Sink Huge Storage Unit IFF Parser Experimental Targeting Computer Phase Armor Graphene Brace System Mapper A0-MCA's Component Scanner > --- WEAPON ----------- Improved Matter Neutralizer 1B-0RG's Assimilator > --- INVENTORY -------- Improved Quantum Reactor Vortex Chain Reactor Scrap Suit Advanced Energy Well Advanced Matter Compressor Experimental Matter Compressor Experimental Matter Compressor Deep Structural Scanner Improved Transmission Jammer Experimental EM Shield Advanced Remote Force Field Long-range Tractor Beam Improved Trap Extractor Dimensional Node Initializer Transdimensional Reconstructor Integrity Redistributor Integrity Redistributor Subatomic Replicator Compact HERF Cannon Vortex Cannon Vortex Cannon Fusion Bomb Launcher [Rating: 223] Favorites ----------- Power Vortex Chain Reactor Engine Subdweller Power Source Power Core Neutrino Core Reactor Vortex Chain Reactor Propulsion Light Treads Treads Light Treads Leg Cargo Legs Wheel Compact Wheel Hover Unit Antigrav System Flight Unit Cooled Impulse Thruster Utility Improved Transmission Jammer Device Improved Transmission Jammer Storage Huge Storage Unit Processor Experimental Targeting Computer Hackware Hacking Suite Protection Centrium Light Armor Plating Artifact Phase Armor Weapon 1B-0RG's Assimilator Energy Gun Medium Laser Energy Cannon Subdweller Beam Cannon Ballistic Gun Subdweller Machine Gun Ballistic Cannon Light Cannon Launcher Fusion Bomb Launcher Special Weapon Mining Laser Slashing Weapon Great Axe Piercing Weapon Lance Special Melee Weapon 1B-0RG's Assimilator Build | -11 -10 -10 -7 -5 -5 -5 -5 -4 -4 -4 -4 -4 -3 -3 -3 -3 ------- Run | Yrd Mat Sub Scr Fac Upp Upp War Pro Fac Upp Upp Zhi Pro Res Qua Sec Slots Evolved 14 | . . . . 10 . . . . 2 . . . . 2 . . Power 1 | . . . . . . . . . 1 . . . . . . . Propulsion 2 | . . . . 2 . . . . . . . . . . . . Utility 7 | . . . . 4 . . . . 1 . . . . 2 . . Weapon 4 | . . . . 4 . . . . . . . . . . . . Parts Attached 136 | 7 6 20 10 20 3 5 13 1 19 . 1 3 1 5 6 16 Power 11 | 1 . 3 2 1 . 1 1 . 1 . . . . . 1 . Engine 5 | 1 . 3 1 . . . . . . . . . . . . . Core 2 | . . . 1 1 . . . . . . . . . . . . Reactor 4 | . . . . . . 1 1 . 1 . . . . . 1 . Propulsion 35 | 2 . 7 3 5 . 1 4 . 5 . . . . . . 8 Treads 11 | 2 . 3 2 3 . . 1 . . . . . . . . . Leg 4 | . . . . . . . 1 . 1 . . . . . . 2 Wheel 13 | . . 4 1 2 . 1 1 . 4 . . . . . . . Hover 3 | . . . . . . . 1 . . . . . . . . 2 Flight 4 | . . . . . . . . . . . . . . . . 4 Utility 52 | 2 2 2 3 7 3 1 6 . 12 . 1 3 . 2 5 3 Device 28 | 1 . . 1 4 1 1 5 . 9 . 1 1 . 1 1 2 Storage 10 | 1 1 1 1 1 1 . . . 1 . . 1 . . 1 1 Processor 2 | . . . . . . . . . . . . . . 1 1 . Hackware 3 | . . . . 1 . . . . 1 . . . . . 1 . Protection 8 | . 1 1 1 1 1 . 1 . 1 . . 1 . . . . Artifact 1 | . . . . . . . . . . . . . . . 1 . Weapon 38 | 2 4 8 2 7 . 2 2 1 1 . . . 1 3 . 5 Energy Gun 2 | 1 . 1 . . . . . . . . . . . . . . Energy Cannon 13 | . . 3 1 1 . . 1 1 1 . . . 1 2 . 2 Ballistic Gun 7 | 1 1 3 . 2 . . . . . . . . . . . . Ballistic Cannon 4 | . 2 . 1 . . 1 . . . . . . . . . . Launcher 3 | . . 1 . . . . 1 . . . . . . . . 1 Special Weapon 4 | . 1 . . 2 . . . . . . . . . 1 . . Impact Weapon . | . . . . . . . . . . . . . . . . . Slashing Weapon 2 | . . . . 1 . . . . . . . . . . . 1 Piercing Weapon 2 | . . . . . . 1 . . . . . . . . . 1 Special Melee Weapon 1 | . . . . 1 . . . . . . . . . . . . Unidentified Prototypes 19 | . 1 . . 2 1 . 7 . 2 . . 4 . . 2 . Corrupted Parts 1 | . . . . . . . . . 1 . . . . . . . System Corruption 7 | . . . . . . . . . 7 . . . . . . . Parts Lost 23 | . . 2 . 2 1 . . . 2 . . . . . . 16 Power . | . . . . . . . . . . . . . . . . . Propulsion 8 | . . 2 . 1 . . . . 1 . . . . . . 4 Utility 13 | . . . . 1 1 . . . 1 . . . . . . 10 Weapon 2 | . . . . . . . . . . . . . . . . 2 Highest Loss Streak 9 | . . 1 . 1 1 . . . 1 . . . . . . 9 To Critical Strikes . | . . . . . . . . . . . . . . . . . Average Backups 18 | 4 13 16 13 16 18 18 21 21 21 21 21 22 24 23 22 20 Power 1 | . 1 1 . . 1 1 . 1 1 1 1 1 2 2 1 1 Propulsion 3 | 2 4 3 3 4 4 5 5 3 2 2 2 1 2 1 . . Utility 7 | . 3 3 4 5 6 6 8 11 11 13 13 13 14 12 12 9 Weapon 5 | . 4 7 3 4 4 4 5 6 5 5 5 5 5 5 5 3 Tool/Special . | . . . . . . . . . . . . . . . . . Unused Backups 57 | . 8 6 14 8 . . 4 1 2 . . 1 . 3 1 9 Power 7 | . . 2 2 1 . . . . . . . . . . 1 1 Propulsion 11 | . 5 . 3 1 . . 1 . . . . . . 1 . . Utility 20 | . 1 1 5 4 . . 2 1 2 . . 1 . 1 . 2 Weapon 15 | . 2 3 4 2 . . 1 . . . . . . 1 . 2 Tool/Special 4 | . . . . . . . . . . . . . . . . 4 Average Slot Usage (%) 78 | . 100 99 100 69 64 64 64 64 65 61 61 60 61 64 64 59 Engine 6 | . 14 14 13 2 . . . . . . . . . . . . Reactor 2 | . . . . . . 3 5 5 4 4 4 4 4 4 4 3 Treads 9 | . 28 20 9 6 5 5 2 5 5 . . . . . . . Leg 1 | . . . . . . . . . . 4 4 4 4 4 4 3 Wheel 8 | . . 7 18 14 11 11 14 11 9 4 4 4 4 4 4 3 Device 16 | . 13 13 13 11 11 11 16 11 18 27 27 26 23 26 25 22 Storage 8 | . 14 14 14 5 5 5 5 5 4 4 4 4 4 4 4 3 Hackware 2 | . . . . 4 5 5 . . 4 4 4 4 4 4 4 3 Protection 2 | . . . . 4 5 5 5 11 5 . . . 4 3 1 . Energy Gun 1 | . 8 1 . . . . . . . . . . . . . . Energy Cannon 9 | . . 20 26 2 4 2 2 5 4 4 4 4 4 4 4 3 Ballistic Gun 1 | . 7 5 . . . . . . . . . . . . . . Ballistic Cannon 1 | . 11 . 1 . . 1 . . . . . . . . . . Special Melee Weapon 2 | . . . . 4 5 5 5 5 4 4 4 4 4 4 4 3 Peak Build Rating 223 | 7 11 22 28 126 128 130 150 149 183 183 183 186 186 200 222 223 Average Rating 99 | 5 9 13 22 112 126 128 134 148 164 178 178 181 186 197 203 192 On Entrance 121 | . 7 11 22 25 126 126 128 148 149 183 183 179 186 186 200 210 Avg Prop Armor Cover (%) 8 | . . 15 14 7 4 4 4 4 6 6 6 6 6 6 6 10 Naked Turns . | . . . . . . . . . . . . . . . . . Heaviest Build 246 | 15 32 64 68 135 175 174 179 181 213 208 208 208 209 211 246 230 Greatest Support 60 | 40 40 40 28 48 44 44 60 44 55 20 20 20 20 20 20 28 Greatest Overweight (x) 12 | . . 5 5 4 3 6 4 4 12 10 10 10 10 10 12 11 Average Overweight (x) 4 | . . 2 3 2 3 3 2 4 4 10 10 10 10 10 10 7 Largest Inventory Capacity 25 | 8 15 20 20 20 25 25 25 25 25 25 25 25 25 25 25 25 Average Capacity 21 | 7 14 17 19 20 24 25 25 25 25 25 25 25 25 25 25 23 Most Carried 25 | 7 15 20 20 20 25 25 25 25 25 23 24 25 25 25 25 25 Average Carried 20 | 4 13 17 17 18 21 24 24 24 23 23 23 23 25 24 24 22 Final Capacity 25 | 8 15 20 20 20 25 25 25 25 25 25 25 25 25 25 25 5 Final Carried 25 | 7 15 20 20 20 25 25 25 24 23 23 24 25 25 25 25 5 Scrap Suit Usage (%) 1 | . . . . . . . . . 1 1 . . . 1 . 1 Parts Cannibalized 10 | . . . . . . . . . 6 . . . . 4 . . Class Distribution -------------------- 41% | Scavenger-Mutant 27% | Mutant 16% | Commander-Mutant 5% | Derelict-Mutant 3% | Hacker-Mutant 3% | Alien-Mutant Dominant Class ---------------- Mutant | -10/Materials Scavenger-Mutant | -10/Subcaves Mutant | -7/Scraptown Scavenger-Mutant | -5/Factory Scavenger-Mutant | -5/Upper Caves Scavenger-Mutant | -5/Upper Caves Scavenger-Mutant | -5/Warlord Scavenger-Mutant | -4/Proximity Caves Scavenger-Mutant | -4/Factory Commander-Mutant | -4/Upper Caves Commander-Mutant | -4/Upper Caves Commander-Mutant | -4/Zhirov Commander-Mutant | -3/Proximity Caves Scavenger-Mutant | -3/Research Infiltrator-Mutant | -3/Quarantine Alien-Mutant | -3/Section 7 Resources | -11 -10 -10 -7 -5 -5 -5 -5 -4 -4 -4 -4 -4 -3 -3 -3 -3 ----------- Run | Yrd Mat Sub Scr Fac Upp Upp War Pro Fac Upp Upp Zhi Pro Res Qua Sec Matter Collected 12486 | 288 294 562 210 2058 503 250 518 50 2531 60 70 . 90 993 2485 1524 Remotely 3102 | . . . . 50 . . 146 . 914 . . . . 565 1146 281 Salvage Created 6530 | 83 553 781 . 1341 76 234 36 158 1340 9 . . . 185 853 881 Parts 246 | 6 36 41 . 43 2 12 1 8 48 . . . . 11 19 19 Haulers Intercepted 4 | . 2 . . 1 . . . . 1 . . . . . . . Recyclers Shooed 6 | . . . . . . . . . 6 . . . . . . . Parts Field Recycled . | . . . . . . . . . . . . . . . . . Retrieved Matter . | . . . . . . . . . . . . . . . . . Parts Self-Destructed 132 | . . 14 . . 26 29 . 31 . 12 14 . 6 . . . Prevented 15 | . . . . . . 3 . . . 1 11 . . . . . Parts Restored . | . . . . . . . . . . . . . . . . . Kills | -11 -10 -10 -7 -5 -5 -5 -5 -4 -4 -4 -4 -4 -3 -3 -3 -3 ------- Run | Yrd Mat Sub Scr Fac Upp Upp War Pro Fac Upp Upp Zhi Pro Res Qua Sec Combat Hostiles Destroyed 90 | . 10 18 . 5 1 5 1 3 10 . . . . 3 7 27 Melee 3 | . . . . 1 . . . . . . . . . . 1 1 Guns 4 | . 2 2 . . . . . . . . . . . . . . Cannons 50 | . 8 12 . 3 1 5 . 3 8 . . . . 3 4 3 AOE 26 | . . 3 . 1 . . 1 . 1 . . . . . . 20 Classes Destroyed 21 | 2 4 2 . 4 1 . . 1 1 . . . . 1 2 3 Worker 3 | . . . . 2 . . . . 1 . . . . . . . Builder 1 | . . . . . . . . . 1 . . . . . . . Tunneler 2 | 2 . . . . . . . . . . . . . . . . Hauler 4 | . 2 . . 1 . . . . 1 . . . . . . . Recycler 12 | 1 1 . . 6 . . . . 4 . . . . . . . Minesweeper 5 | . . . . . 1 1 . 2 . 1 . . . . . . Mechanic 2 | . . . . 1 . . . . . . . . . . . 1 Operator 2 | . . . . 1 . . . . . . . . . . 1 . Watcher 3 | . 3 . . . . . . . . . . . . . . . Swarmer 10 | . 3 3 . . . 2 . 2 . . . . . . . . Saboteur 2 | . . . . . . . . . . . . . . . 1 1 Grunt 36 | . 7 . . 3 1 3 1 . 4 . . . . 1 3 13 Brawler 5 | . . . . . . . . 1 1 . . . . . . 3 Duelist 1 | . . . . . . . . . . . . . . . . 1 Protector 1 | . . . . . . . . . . . . . . . . 1 Sentry 4 | . . 1 . . . . . . . . . . . . . 3 Hunter 9 | . . . . 2 . . . . 5 . . . . 1 . 1 Programmer 6 | . . . . . . . . . . . . . . 1 2 3 Tracker 1 | . . . . . . . . . . . . . . . . 1 Combat Programmer 1 | . . . . . . . . . . . . . . . . 1 Investigator 1 | . . . . . . . . . . . . . . . . 1 Fortress 1 | . . . . . . . . . . . . . . . 1 . Subdweller 14 | . . 14 . . . . . . . . . . . . . . Best Kill Streak 20 | 3 5 3 . 5 1 2 1 1 3 1 . . . 1 1 20 Combat Bots Only 18 | . 3 3 . 2 1 2 1 1 3 . . . . 1 1 18 Max Kills in Single Turn 3 | 1 1 3 . 1 1 1 1 1 1 1 . . . 1 1 3 Gunslinging . | . . . . . . . . . . . . . . . . . Exploded 3 | . . 3 . 1 . . 1 . 1 . . . . . . 3 Melee 1 | . . . . 1 . . . . . . . . . . 1 1 Uniques/NPCs Destroyed . | . . . . . . . . . . . . . . . . . Combat | -11 -10 -10 -7 -5 -5 -5 -5 -4 -4 -4 -4 -4 -3 -3 -3 -3 -------- Run | Yrd Mat Sub Scr Fac Upp Upp War Pro Fac Upp Upp Zhi Pro Res Qua Sec Hostile Shots Fired 878 | . 24 52 . 90 24 22 8 14 210 2 1 . . 57 46 328 Missed 278 | . 7 11 . 31 10 11 3 3 70 2 . . . 19 16 95 Hits 600 | . 17 41 . 59 14 11 5 11 140 . 1 . . 38 30 233 Melee 8 | . . . . . . . . . 3 . . . . 1 . 4 Projectile 592 | . 17 41 . 59 14 11 5 11 137 . 1 . . 37 30 229 AOE 8 | . . . . . . . . . 4 . . . . . . 4 Critical Strikes 41 | . . . . 9 1 . . 1 8 . . . . 3 2 17 Actively Blocked 27 | . . . . . . . . . 6 . . . . 3 2 16 Part Disruptions 1 | . . . . . . . . . . . . . . 1 . . Damage Taken 11154 | . 193 987 . 1476 267 234 176 135 2308 . 7 . . 443 427 4501 Core 2156 | . 63 151 . 309 . . 82 . 308 . . . . 83 103 1057 Absorbed by Shields 3172 | . . . . . . . 68 93 1103 . 6 . . 308 395 1199 Redirected to Core 215 | . . . . . . . . . . . . . . . 64 151 Ignored by Resistances 550 | . . . . . . . . . . . . . . 314 79 157 Regen/Repaired (Parts) 1292 | . . . 202 106 18 78 9 . 528 . . . . 90 82 179 Core Remaining (%) 61 | 100 . . 14 . . . . 60 . . . . 73 . . . Volleys Fired 629 | 6 46 132 . 43 25 20 20 32 111 13 3 . 6 26 47 99 Largest 2 | 2 2 2 . 1 1 1 1 1 1 1 1 . 1 1 1 1 Hottest 260 | 70 100 160 . 98 98 98 260 105 260 105 105 . 105 113 113 113 Shots Fired 685 | 12 87 139 . 45 25 21 20 32 112 13 3 . 6 26 47 97 Gun 80 | 12 56 12 . . . . . . . . . . . . . . Cannon 533 | . 26 107 . 41 21 21 10 32 110 13 3 . 6 25 47 71 Launcher 33 | . . 1 . 2 . . 2 . 2 . . . . . . 26 Special 39 | . 5 19 . 2 4 . 8 . . . . . . 1 . . Kinetic 63 | 6 41 6 . . . 10 . . . . . . . . . . Thermal 520 | 6 46 132 . 41 21 11 11 32 86 13 3 . 6 24 35 53 Explosive 29 | . . 1 . 2 . . . . . . . . . . . 26 Electromagnetic 57 | . . . . . . . . . 26 . . . . 1 12 18 Entropic 1 | . . . . . . . 1 . . . . . . . . . Robot Hit Streak 18 | 7 4 16 . 13 6 3 7 7 8 6 7 . . 9 16 18 Robot Miss Streak 5 | 1 5 1 . 3 2 2 1 3 4 3 . . . 1 1 2 Penetration Max 1 | . . . . . . 1 . . . . . . . . . . Secondary Targets . | . . . . . . . . . . . . . . . . . Shots Hit Robots 350 | 9 45 50 . 37 13 11 15 16 53 9 1 . . 16 33 42 Core Hits 252 | 4 22 18 . 19 4 7 11 5 26 2 . . . 5 13 116 Critical Kills 11 | . . 1 . . . 3 . 1 3 . . . . . 2 1 Critical Parts Destroyed 3 | . . . . . . 3 . . . . . . . . . . Critical Strikes 21 | 1 4 1 . 2 . 6 . 1 3 . . . . . 2 1 Burn 4 | 1 3 . . . . . . . . . . . . . . . Meltdown 8 | . . 1 . . . . . 1 3 . . . . . 2 1 Destroy 6 | . . . . . . 6 . . . . . . . . . . Blast 1 | . 1 . . . . . . . . . . . . . . . Sever 2 | . . . . 2 . . . . . . . . . . . . Melee Attacks 50 | . . . . 43 3 2 1 . . . . . . . . 1 Impact . | . . . . . . . . . . . . . . . . . Slashing 49 | . . . . 43 3 2 1 . . . . . . . . . Piercing 1 | . . . . . . . . . . . . . . . . 1 Sneak Attacks 12 | . . . . 9 2 1 . . . . . . . . . . Combat Hostiles . | . . . . . . . . . . . . . . . . . Follow-up Attacks . | . . . . . . . . . . . . . . . . . Damage Inflicted 18642 | 114 691 1436 . 1847 541 403 555 603 2295 325 35 . . 664 1109 8024 Guns 659 | 114 370 175 . . . . . . . . . . . . . . Cannons 8405 | . 301 1103 . 488 353 278 193 603 2030 325 35 . . 664 1109 923 Explosions 8087 | . . 158 . 201 . . 362 . 265 . . . . . . 7101 Melee 1471 | . . . . 1158 188 125 . . . . . . . . . . Ramming 20 | . 20 . . . . . . . . . . . . . . . Kinetic 706 | 64 446 89 . . . 107 . . . . . . . . . . Thermal 7449 | 50 225 1189 . 488 353 171 555 603 1611 325 35 . . 619 773 452 Explosive 7359 | . . 158 . 201 . . . . . . . . . . . 7000 Electromagnetic 1637 | . . . . . . . . . 684 . . . . 45 336 572 Impact . | . . . . . . . . . . . . . . . . . Slashing 1471 | . . . . 1158 188 125 . . . . . . . . . . Piercing . | . . . . . . . . . . . . . . . . . Highest Corruption 14 | . . . . 4 . 1 1 . 8 . . . . 6 6 14 Average Corruption 3 | . . . . 3 . 1 1 . 3 . . . . 5 5 12 Corruption Purged 24 | . . . . 4 . . . . 15 . . . . . 5 . Corruption Blocked . | . . . . . . . . . . . . . . . . . Effects 106 | . . . . 21 . 4 . . 36 . . . . 27 4 14 Message Errors 26 | . . . . 5 . 1 . . 6 . . . . 11 1 2 Matter Fused 24 | . . . . 4 . . . . 12 . . . . 5 1 2 Heat Flow Errors 7 | . . . . 2 . 1 . . 1 . . . . 2 . 1 Energy Discharges 11 | . . . . 1 . . . . 3 . . . . 5 2 . Parts Rejected 3 | . . . . . . . . . 1 . . . . 1 . 1 Data Loss (minor) 14 | . . . . 5 . 1 . . 5 . . . . 1 . 2 Data Loss (major) 6 | . . . . 2 . . . . 3 . . . . . . 1 Misfires 5 | . . . . 2 . 1 . . 2 . . . . . . . Alerts 4 | . . . . . . . . . 2 . . . . 2 . . Misdirections 3 | . . . . . . . . . . . . . . . . 3 Weapon Failures 3 | . . . . . . . . . 1 . . . . . . 2 Overload Shots . | . . . . . . . . . . . . . . . . . Overflow Damage 940 | . . . . 236 108 52 . 90 62 70 . . . 30 93 199 Projectiles 346 | . . . . 1 . . . 90 62 70 . . . 30 93 . Explosions 199 | . . . . . . . . . . . . . . . . 199 Melee 395 | . . . . 235 108 52 . . . . . . . . . . Knockbacks 4 | . 2 . . . . 2 . . . . . . . . . . Impact . | . . . . . . . . . . . . . . . . . Kinetic 3 | . 1 . . . . 2 . . . . . . . . . . Secondary 1 | . 1 . . . . . . . . . . . . . . . Self-Inflicted Damage 213 | . . . . 50 . . . . . . . . . . . 163 Shots 3 | . . . . 1 . . . . . . . . . . . 2 Rammed 4 | . 4 . . . . . . . . . . . . . . . Targets Rammed 4 | . 4 . . . . . . . . . . . . . . . Kicked . | . . . . . . . . . . . . . . . . . Crushed . | . . . . . . . . . . . . . . . . . Highest Temperature 294 | 27 171 33 . 204 48 146 172 4 204 294 92 . 18 149 52 57 Average Temperature 37 | 11 36 9 . 55 20 28 74 4 57 102 40 . 8 47 12 7 Received Heat Transfer 1280 | . 84 132 . 324 144 27 17 23 156 . . . . 14 52 307 Effects 3 | . . . . 1 . . . . . 2 . . . . . . Energy Bleed 1 | . . . . 1 . . . . . . . . . . . . Interference 2 | . . . . . . . . . . 2 . . . . . . Siege Activations . | . . . . . . . . . . . . . . . . . Martial Activations . | . . . . . . . . . . . . . . . . . Shielding Activations . | . . . . . . . . . . . . . . . . . Robots Disrupted . | . . . . . . . . . . . . . . . . . Combat Hostiles . | . . . . . . . . . . . . . . . . . Robots Corrupted 3 | . . . . . . . . . 1 . . . . . . 2 Combat Hostiles 3 | . . . . . . . . . 1 . . . . . . 2 Parts Fried 10 | . . . . . . . . . 5 . . . . 1 . 4 Impact Corruptions . | . . . . . . . . . . . . . . . . . Robots Melted 8 | . . 1 . . . . . 1 3 . . . . . 2 1 Combat Hostiles 4 | . . 1 . . . . . . . . . . . . 2 1 Parts Melted 24 | . 2 1 . 1 . 1 1 3 4 . . . . . 9 2 Heat Transferred 9452 | 222 888 1617 . 750 500 250 760 668 1769 333 37 . . 555 657 446 Parts Sabotaged 5 | . . . . . . . . . . . . . . . . 5 Parts Stolen . | . . . . . . . . . . . . . . . . . Parts Stripped . | . . . . . . . . . . . . . . . . . Power Chain Reactions 1 | . . . . . . . . . . . . . . . . 1 Alert | -11 -10 -10 -7 -5 -5 -5 -5 -4 -4 -4 -4 -4 -3 -3 -3 -3 ------- Run | Yrd Mat Sub Scr Fac Upp Upp War Pro Fac Upp Upp Zhi Pro Res Qua Sec Maximum Alert Level 5 | . . . . 3 . . . . 4 . . . . 5 5 5 Low Security (%) 48 | 100 100 . . 53 . . . . 41 . . . . 24 . . Level 1 10 | . . . . 22 . . . . 20 . . . . 11 . . Level 2 9 | . . . . 16 . . . . 18 . . . . 21 . . Level 3 11 | . . . . 7 . . . . 14 . . . . 18 9 33 Level 4 10 | . . . . . . . . . 5 . . . . 13 44 27 Level 5 5 | . . . . . . . . . . . . . . 10 45 5 High Security 4 | . . . . . . . . . . . . . . . . 32 Max Security . | . . . . . . . . . . . . . . . . . Peak Influence 2847 | 5 66 . . 786 . . . . 1545 . . . . 1684 1749 2847 Initial 945 | . . . . . . . . . 302 . . . . . 945 936 Average 539 | 1 11 . . 270 . . . . 387 . . . . 696 1437 1578 Influence Increases 13436 | 15 401 90 . 1754 367 537 256 418 2700 120 498 . 92 2208 1187 2793 Destroy 0b10 Robot/C 6200 | . 200 80 . 800 260 320 140 240 1240 60 240 . 40 920 580 1080 Destroy 0b10 Robot/NC 330 | 15 30 . . 65 5 5 5 20 45 5 . . . 85 15 35 Destroy Leader 992 | . 60 10 . 176 20 40 . 30 192 . 30 . 10 168 60 196 Allied During Kill 3167 | . . . . 274 82 127 111 128 480 55 228 . 42 742 286 612 Successful Hack 183 | . 46 . . 50 . . . . 20 . . . . 54 . 13 Select Force Hacks 30 | . 30 . . . . . . . . . . . . . . . Disable Machine 675 | . . . . 165 . . . . 165 . . . . 60 105 180 Destroy Structure 1139 | . 5 . . 194 . . . . 228 . . . . 164 126 422 Advance Influence 300 | . . . . . . . . . 300 . . . . . . . Partial Spotted 60 | . 30 . . . . . . . 15 . . . . . . 15 Lose Combat Pursuer 360 | . . . . 30 . 45 . . 15 . . . . 15 15 240 Influence Decreases 10589 | 15 377 114 . 984 699 558 519 568 1159 1144 582 437 92 528 1203 1610 Entered New Map 3527 | . . 12 . . 285 84 417 154 2 573 100 437 . . 735 728 Time Decay 5355 | 15 377 102 . 578 404 474 42 394 566 571 482 . 92 408 428 422 Lost Part 210 | . . . . 20 10 . . . 20 . . . . . . 160 Lost Ally 1060 | . . . . 300 . . 60 20 370 . . . . 120 40 150 Purge Threat 437 | . . . . 86 . . . . 201 . . . . . . 150 Squads Dispatched 79 | . 3 . . 18 . . . . 19 . . . . 12 6 21 Investigation 16 | . 2 . . 6 . . . . 5 . . . . 3 . . Extermination 16 | . . . . 3 . . . . 7 . . . . 3 2 1 Reinforcement 17 | . 1 . . 4 . . . . 4 . . . . 4 1 3 Assault 24 | . . . . . . . . . 3 . . . . 2 3 16 Garrison 5 | . . . . 5 . . . . . . . . . . . . Intercept 1 | . . . . . . . . . . . . . . . . 1 Searches Triggered . | . . . . . . . . . . . . . . . . . Construction Impeded 1 | . . . . 1 . . . . . . . . . . . . Haulers Reinforced 2 | . . . . . . . . . 1 . . . . 1 . . Active Scanning Responses . | . . . . . . . . . . . . . . . . . Cargo Convoy Interrupts . | . . . . . . . . . . . . . . . . . Stealth | -11 -10 -10 -7 -5 -5 -5 -5 -4 -4 -4 -4 -4 -3 -3 -3 -3 --------- Run | Yrd Mat Sub Scr Fac Upp Upp War Pro Fac Upp Upp Zhi Pro Res Qua Sec Distress Signals 21 | . . . . 6 . . . . 5 . . . . 4 1 5 Communications Jammed 230 | . . . . . . . 43 . 28 . . . . 93 6 60 Distress Signals 228 | . . . . . . . 43 . 27 . . . . 93 6 59 Times Spotted 466 | . 19 17 . 48 12 20 37 14 61 3 11 . 2 42 26 154 Peak Tracking Total 30 | . 4 3 . 8 4 5 9 5 7 3 5 . 2 4 4 30 Tactical Retreats 11 | . . . . 2 . 1 . . 1 . . . . 1 1 5 Traps | -11 -10 -10 -7 -5 -5 -5 -5 -4 -4 -4 -4 -4 -3 -3 -3 -3 ------- Run | Yrd Mat Sub Scr Fac Upp Upp War Pro Fac Upp Upp Zhi Pro Res Qua Sec Traps Triggered 4 | . 1 1 . . . . . . . . . . . 1 . 1 Indirectly . | . . . . . . . . . . . . . . . . . Trap Hack Attempts . | . . . . . . . . . . . . . . . . . Triggered . | . . . . . . . . . . . . . . . . . Disarmed . | . . . . . . . . . . . . . . . . . Reprogrammed . | . . . . . . . . . . . . . . . . . Reused 1 | . . . . . . 1 . . . . . . . . . . Traps Extracted . | . . . . . . . . . . . . . . . . . Installed 3 | . . . . . . 3 . . . . . . . . . . Triggered 1 | . . . . . . 1 . . . . . . . . . . Most Traps Carried 10 | . . . . . 5 10 7 6 6 6 6 6 6 6 6 6 Machines | -11 -10 -10 -7 -5 -5 -5 -5 -4 -4 -4 -4 -4 -3 -3 -3 -3 ---------- Run | Yrd Mat Sub Scr Fac Upp Upp War Pro Fac Upp Upp Zhi Pro Res Qua Sec Machines Disabled 47 | . . 1 . 11 . . 1 . 11 . . . . 4 7 12 Max in Single Turn 2 | . . 1 . 2 . . 1 . 1 . . . . . 1 1 Garrison Access 3 | . . . . 2 . . . . . . . . . . . 1 Machines Repaired . | . . . . . . . . . . . . . . . . . Machines Dismantled . | . . . . . . . . . . . . . . . . . Machines Sabotaged . | . . . . . . . . . . . . . . . . . Overloaded Fab Kills . | . . . . . . . . . . . . . . . . . Hacking | -11 -10 -10 -7 -5 -5 -5 -5 -4 -4 -4 -4 -4 -3 -3 -3 -3 --------- Run | Yrd Mat Sub Scr Fac Upp Upp War Pro Fac Upp Upp Zhi Pro Res Qua Sec Machines Accessed 76 | . 8 1 3 22 . 3 1 . 17 . . 4 . 8 4 5 Terminals 33 | . 7 . . 9 . 1 . . 8 . . . . 2 3 3 Fabricators 7 | . . . . 4 . . . . 2 . . . . 1 . . Repair Stations 1 | . . . . . . . . . 1 . . . . . . . Recycling Units 13 | . 1 . . 4 . . . . 5 . . . . 3 . . Scanalyzers 7 | . . . . 3 . . . . . . . . . 2 1 1 Garrison Access 4 | . . . . 2 . . . . 1 . . . . . . 1 Total Hacks 198 | . 27 1 27 49 . 3 1 . 39 . . 16 . 13 9 13 Successful 132 | . 16 1 27 31 . 3 1 . 22 . . 16 . 7 . 8 Failed 66 | . 11 . . 18 . . . . 17 . . . . 6 9 5 Catastrophic 6 | . . . . 3 . . . . . . . . . 2 1 . Database Lockouts . | . . . . . . . . . . . . . . . . . Manual 93 | . 24 . . 28 . . . . 23 . . . . 7 6 5 Terminals 91 | . 26 . . 26 . 1 . . 22 . . . . 3 7 6 Fabricators 13 | . . . . 7 . . . . 4 . . . . 2 . . Repair Stations 3 | . . . . . . . . . 3 . . . . . . . Recycling Units 18 | . 1 . . 6 . . . . 7 . . . . 4 . . Scanalyzers 18 | . . . . 8 . . . . . . . . . 4 2 4 Garrison Access 8 | . . . . 2 . . . . 3 . . . . . . 3 Terminal Hacks 69 | . 4 1 27 7 . 3 1 . 6 . . 16 . 2 . 2 Record 32 | . . . 27 . . 1 . . . . . 4 . . . . Part Schematic 5 | . 1 . . . . . . . . . . 4 . . . . Robot Analysis 4 | . . . . . . . . . . . . 4 . . . . Prototype ID Bank 5 | . . . . 1 . . . . . . . 4 . . . . Open Door 3 | . . . . . . 2 1 . . . . . . . . . Branch Access Points 1 | . . . . . . . . . 1 . . . . . . . Terminal Index 1 | . 1 . . . . . . . . . . . . . . . Alert Level 6 | . . . . 2 . . . . 3 . . . . . . 1 Unreport Threat 4 | . . . . 1 . . . . 2 . . . . . . 1 Locate Traps 6 | . 2 . . 2 . . . . . . . . . 2 . . Hauler Manifests 1 | . . . . 1 . . . . . . . . . . . . Proto ID Catalog 1 | . . 1 . . . . . . . . . . . . . . Fabricator Hacks 2 | . . . . 1 . . . . 1 . . . . . . . Network Status 2 | . . . . 1 . . . . 1 . . . . . . . Repair Station Hacks 2 | . . . . . . . . . 2 . . . . . . . Scan Component 1 | . . . . . . . . . 1 . . . . . . . Repair 1 | . . . . . . . . . 1 . . . . . . . Recycling Unit Hacks . | . . . . . . . . . . . . . . . . . Scanalyzer 6 | . . . . 4 . . . . . . . . . . . 2 Retrieve Study 6 | . . . . 4 . . . . . . . . . . . 2 Garrison Access Hacks 3 | . . . . 2 . . . . . . . . . . . 1 Seal Access 3 | . . . . 2 . . . . . . . . . . . 1 Unauthorized Hacks 50 | . 12 . . 17 . . . . 13 . . . . 5 . 3 Terminals 32 | . 11 . . 10 . . . . 8 . . . . 1 . 2 Track 1 | . . . . . . . . . . . . . . . . 1 Assimilate 5 | . 3 . . 2 . . . . . . . . . . . . Botnet 6 | . 1 . . 1 . . . . 2 . . . . 1 . 1 Operators 3 | . 1 . . 1 . . . . 1 . . . . . . . Skim 17 | . 6 . . 6 . . . . 5 . . . . . . . Fabricators 6 | . . . . 4 . . . . 1 . . . . 1 . . Liberate 3 | . . . . 3 . . . . . . . . . . . . Haulers 3 | . . . . 1 . . . . 1 . . . . 1 . . Repair Stations . | . . . . . . . . . . . . . . . . . Recycling Units 11 | . 1 . . 3 . . . . 4 . . . . 3 . . Tunnel 1 | . 1 . . . . . . . . . . . . . . . Fedlink 6 | . . . . 3 . . . . 2 . . . . 1 . . Scrapoids 2 | . . . . . . . . . 2 . . . . . . . Scraphulk 2 | . . . . . . . . . . . . . . 2 . . Scanalyzers 1 | . . . . . . . . . . . . . . . . 1 Researchers 1 | . . . . . . . . . . . . . . . . 1 Garrison Access . | . . . . . . . . . . . . . . . . . Data Cores Recovered 1 | . . . . . . . . . . . . . . . 1 . Used . | . . . . . . . . . . . . . . . . . Hacking Detections 47 | . 6 . . 15 . . . . 12 . . . . 6 4 4 Full Trace Events 4 | . 1 . . 2 . . . . 1 . . . . . . . Feedback Events . | . . . . . . . . . . . . . . . . . Feedback Blocked . | . . . . . . . . . . . . . . . . . Robot Schematics Acquired 1 | . . . . . . . . . . . . . . . . 1 Robots Built . | . . . . . . . . . . . . . . . . . Authchips . | . . . . . . . . . . . . . . . . . Time . | . . . . . . . . . . . . . . . . . Total Robot Build Rating . | . . . . . . . . . . . . . . . . . Part Schematics Acquired 7 | . 1 . . . . . . . . . . 4 . . . 2 Parts Built . | . . . . . . . . . . . . . . . . . Authchips . | . . . . . . . . . . . . . . . . . Time . | . . . . . . . . . . . . . . . . . Total Part Build Rating . | . . . . . . . . . . . . . . . . . Part Studies Acquired 6 | . . . . 4 . . . . . . . . . . . 2 Parts Repaired 1 | . . . . . . . . . 1 . . . . . . . Time 31 | . . . . . . . . . 31 . . . . . . . Parts Recycled . | . . . . . . . . . . . . . . . . . Recycled Matter . | . . . . . . . . . . . . . . . . . Retrieved Matter . | . . . . . . . . . . . . . . . . . Retrieved Components . | . . . . . . . . . . . . . . . . . Parts Scanalyzed . | . . . . . . . . . . . . . . . . . Part Schematics Acquired . | . . . . . . . . . . . . . . . . . Parts Damaged . | . . . . . . . . . . . . . . . . . Bothacking | -11 -10 -10 -7 -5 -5 -5 -5 -4 -4 -4 -4 -4 -3 -3 -3 -3 ------------ Run | Yrd Mat Sub Scr Fac Upp Upp War Pro Fac Upp Upp Zhi Pro Res Qua Sec Used RIF Installer . | . . . . . . . . . . . . . . . . . Robots Hacked 5 | . . . . 1 3 . . . . . . . . 1 . . Non-combat 2 | . . . . 1 . . . . . . . . . 1 . . Combat 3 | . . . . . 3 . . . . . . . . . . . Robot Hacks Applied 6 | . . . . 1 4 . . . . . . . . 1 . . parse_system 4 | . . . . . 4 . . . . . . . . . . . find_chute 1 | . . . . 1 . . . . . . . . . . . . find_recycling 1 | . . . . . . . . . . . . . . 1 . . Relay Couplers Released 2 | . . . . 2 . . . . . . . . . . . . Machine Destruction 2 | . . . . 2 . . . . . . . . . . . . Fabnet Peak Effective % . | . . . . . . . . . . . . . . . . . Robots Rewired 5 | . . . . . . . 5 . . . . . . . . . Allies Hacked 15 | . . . . 3 . . . . 6 . . . . 4 . 2 Hacks Repelled 6 | . . . . . . . . . 1 . . . . 4 1 . Allies | -11 -10 -10 -7 -5 -5 -5 -5 -4 -4 -4 -4 -4 -3 -3 -3 -3 -------- Run | Yrd Mat Sub Scr Fac Upp Upp War Pro Fac Upp Upp Zhi Pro Res Qua Sec Total Allies 23 | . 2 . 1 2 . . 5 . 10 . . . . 2 . 1 Largest Group 5 | . 2 . 1 2 . . 5 3 5 5 5 5 5 5 3 1 Highest-Rated Group 325 | . 20 . 59 82 . . 246 149 235 235 235 235 235 325 325 139 Highest-Rated Ally 139 | . 10 . 59 59 . . 64 64 64 47 47 47 47 139 139 139 Initial UFD Resources 68 | . . . . 38 54 54 54 57 57 65 65 65 68 68 68 68 Total Orders 53 | . 4 . 1 10 1 1 6 1 7 . 2 . 4 . 8 8 STAY 18 | . 3 . 1 3 . . 4 . 1 . . . 1 . 2 3 ROAM 1 | . . . . . . . . . 1 . . . . . . . FOLLOW 14 | . 1 . . 3 . . 1 . 1 . . . 1 . 4 3 GUARD 8 | . . . . . 1 . . . 1 . . . 2 . 2 2 AID 7 | . . . . . . 1 1 1 2 . 2 . . . . . DROP 5 | . . . . 4 . . . . 1 . . . . . . . Ally Attacks 1307 | . . . . 201 59 65 58 51 259 7 61 . 9 227 125 185 Total Damage 42322 | . . . . 5415 1512 1204 1467 980 8184 228 1878 . 218 9336 5244 6656 Kills 267 | . . . . 37 12 11 7 11 54 3 12 . 2 62 24 32 Allies Corrupted 6 | . . . . 1 . . . . 3 . . . . 1 . 1 Allies Melted 3 | . . . . 1 . . . . . . . . . . 1 1 Borg Created 44 | . . . . 16 1 . 1 . 15 . . . . 2 2 7 Largest Collective 5 | . . . . 4 4 . 5 . 3 . . . . 4 3 3 Intel | -11 -10 -10 -7 -5 -5 -5 -5 -4 -4 -4 -4 -4 -3 -3 -3 -3 ------- Run | Yrd Mat Sub Scr Fac Upp Upp War Pro Fac Upp Upp Zhi Pro Res Qua Sec Active Infowar (turns) 29824 | 47 3003 5933 3262 2225 979 1209 1000 1401 3020 1738 1248 299 777 1276 1047 1360 IFF 7722 | . . . . . . . . . 17 1716 1248 299 777 1276 1047 1342 Structural 7413 | . . . . . 307 387 570 229 1092 1649 1152 105 . 651 391 880 Seismic 13124 | 47 3003 5933 3262 879 . . . . . . . . . . . . Jamming 16825 | . . . . 1700 979 1209 1000 1401 3020 1738 1248 299 777 1276 929 1249 Robot Analysis Total 4 | . . . . . . . . . . . . 4 . . . . Derelict Logs Recovered 16 | . . 2 5 . 3 1 . 1 . 2 2 . . . . . Drone Launches . | . . . . . . . . . . . . . . . . . Drone Recoveries . | . . . . . . . . . . . . . . . . . Exploration | -11 -10 -10 -7 -5 -5 -5 -5 -4 -4 -4 -4 -4 -3 -3 -3 -3 ------------- Run | Yrd Mat Sub Scr Fac Upp Upp War Pro Fac Upp Upp Zhi Pro Res Qua Sec Turns Passed 30653 | 140 3019 6295 3442 2226 979 1209 1000 1401 3029 1738 1248 299 777 1276 1047 1528 Spaces Moved 16715 | 66 1210 3133 2254 1320 629 824 620 869 1520 996 711 145 447 669 495 807 Core 85 | 2 . . . . . . . . . . . . . . . 83 Treads 2739 | 64 1210 1454 3 8 . . . . . . . . . . . . Legs 1 | . . . . . . . . . 1 . . . . . . . Wheels 13773 | . . 1679 2251 1312 629 824 620 869 1519 996 711 145 447 669 495 607 Hover 34 | . . . . . . . . . . . . . . . . 34 Flight 83 | . . . . . . . . . . . . . . . . 83 Fastest Speed 23 | 50 160 130 110 120 135 135 120 150 150 170 170 170 170 170 170 23 Average Speed 152 | 156 160 155 147 134 135 135 127 150 156 170 170 170 170 170 171 138 Slowest Speed 340 | 160 160 250 200 250 135 180 150 150 340 170 170 170 170 170 190 180 Overloaded Moves 52 | . . . . . . . . . . . . . . . . 52 Propulsion Burnouts . | . . . . . . . . . . . . . . . . . Robots Hopped . | . . . . . . . . . . . . . . . . . Potential Cave-ins 4 | . . . . . . . . . . . . . . . . 4 Cave-ins Triggered . | . . . . . . . . . . . . . . . . . Teleports 2 | . . . . . . . . . . . . . . . . 2 Exploration Rate (%) 72 | 5 99 96 87 54 92 93 90 96 54 95 96 61 87 26 57 47 Regions Visited 16 Branch Regions 12 Pre-discovered Areas 21 | . 2 1 7 6 . . . . 1 . 1 3 . . . . Known Exits Taken 7 | . . . . 1 1 1 . 1 1 . . . 1 1 . . Unknown Exits Taken 9 | 1 1 1 1 . . . 1 . . 1 1 1 . . 1 . Scrap Searched 28 | . . 7 7 . 4 2 . 2 . 2 2 . 2 . . . Spaces Dug 215 | . 4 31 . 40 8 5 1 8 31 . 2 . 4 7 3 71 Terrain Destroyed 451 | . 5 44 . 85 12 6 7 15 46 4 2 . 6 9 6 204 Melee 19 | . . . . 16 1 . 1 . . . . . . . . 1 Projectile 204 | . 5 35 . 24 11 6 3 15 46 4 2 . 6 9 6 32 AOE 228 | . . 9 . 45 . . 3 . . . . . . . . 171 Terrain Rammed . | . . . . . . . . . . . . . . . . . Walls Destroyed . | . . . . . . . . . . . . . . . . . Machines Disabled . | . . . . . . . . . . . . . . . . . Actions | -11 -10 -10 -7 -5 -5 -5 -5 -4 -4 -4 -4 -4 -3 -3 -3 -3 --------- Run | Yrd Mat Sub Scr Fac Upp Upp War Pro Fac Upp Upp Zhi Pro Res Qua Sec Total 20936 | 87 2195 4362 2385 1606 722 893 816 933 2006 1026 745 198 457 773 644 1088 Wait 2697 | 2 888 999 49 122 40 14 119 21 245 14 26 33 3 40 41 41 Move 16699 | 65 1209 3132 2253 1319 628 823 619 868 1519 995 710 144 446 668 494 807 Hop . | . . . . . . . . . . . . . . . . . Pick Up 170 | 7 19 18 34 13 7 4 15 1 15 . . 5 . 8 14 10 Fast Attach 61 | 7 1 4 . 6 . 3 3 . 10 . . 5 . 2 4 16 Attach 47 | . . 2 2 10 1 1 2 . 12 . . 1 . 2 3 11 Detach 22 | . 1 1 . 4 . 1 2 . 7 . . 1 . 1 3 1 Swap 272 | . 14 49 14 18 16 14 15 7 50 4 6 2 2 14 19 28 Drop 177 | . 13 25 33 10 1 8 19 3 18 . . 7 . 8 17 15 Fire 629 | 6 46 132 . 43 25 20 20 32 111 13 3 . 6 26 47 99 Melee 50 | . . . . 43 3 2 1 . . . . . . . . 1 Ram . | . . . . . . . . . . . . . . . . . Kick . | . . . . . . . . . . . . . . . . . Crush 4 | . 4 . . . . . . . . . . . . . . . Escape Stasis 52 | . . . . . . . . . . . . . . . . 52 Rewire 4 | . . . . . . . . . 3 . . . . 1 . . Trap 3 | . . . . . . 3 . . . . . . . . . . Miscellaneous 49 | . . . . 18 1 . 1 1 16 . . . . 3 2 7 Route ------- -11/Scrapyard -10/Materials (discovered 6 exits: [*Mat x3] / *Min x2 / *Sub) -10/Subcaves (discovered 4 exits: [*Mat x2] / Rec / *Scr) -7/Scraptown (discovered 2 exits: *Fac x2) -5/Factory (discovered 6 exits: *Fac x4 / *Upp x2) -5/Upper Caves -5/Upper Caves (discovered 2 exits: *Fac / *War) -5/Warlord -4/Proximity Caves -4/Factory (discovered 4 exits: *Res x2 / *Upp x2) -4/Upper Caves -4/Upper Caves (discovered 2 exits: *Res / *Zhi) -4/Zhirov -3/Proximity Caves -3/Research (discovered 6 exits: *Res x3 / Arm / *Qua x2) -3/Quarantine (discovered 3 exits: *Res / *Sec / [*Frg]) -3/Section 7 (discovered 1 exit: *Res) History --------- Turn | Location | Event 35 | -11/Scrapyard | Discovered new exit (range 15) 141 | -11/Scrapyard | Entered Materials 280 | -10/Materials | Discovered new exit (range 15) 307 | -10/Materials | Build established: Mutant 479 | -10/Materials | Discovered new exit (range 16) 993 | -10/Materials | Discovered new exit (range 15) 1081 | -10/Materials | Discovered new exit (range 16) 1241 | -10/Materials | Discovered new exit (range 7) 2468 | -10/Materials | Learned location of 1 exit from Storage 2602 | -10/Materials | Learned 2 Mines zone layouts 2652 | -10/Materials | Loaded intel: 19 trap records 2702 | -10/Materials | Discovered new exit (range 13) 2720 | -10/Materials | Learned location of Mines (-10) 2809 | -10/Materials | Identified exit to Mines 3160 | -10/Materials | Entered Subcaves 3161 | -10/Subcaves | Approached by a straggling Scientist 3161 | -10/Subcaves | Identified exit to Recycling 3247 | -10/Subcaves | Shifting Twisted Machinery released Sub. Machine Gun 3266 | -10/Subcaves | Shifting Twisted Machinery released Sub. Laser 4570 | -10/Subcaves | Build established: Scavenger-Mutant 4701 | -10/Subcaves | Learned Materials emergency access door positions 4794 | -10/Subcaves | Learned Materials security intel 4819 | -10/Subcaves | Disturbed a concealed Subdweller 4938 | -10/Subcaves | A swath of the cavern ceiling suddenly collapsed 5196 | -10/Subcaves | Core integrity fell below 50% 5473 | -10/Subcaves | Discovered new exit (range 11) 5633 | -10/Subcaves | Core integrity fell below 20% 5804 | -10/Subcaves | A swath of the cavern ceiling suddenly collapsed 5960 | -10/Subcaves | Shifting Twisted Machinery released Mak. Kinetic Plating 5993 | -10/Subcaves | Shifting Twisted Machinery released Sub. Beam Cannon 6067 | -10/Subcaves | Shifting Twisted Machinery released Scrap Shield 6541 | -10/Subcaves | Learned location of Zion (-6) 6541 | -10/Subcaves | Met a Zionite searching for "candidates" 6546 | -10/Subcaves | Discovered new exit (range 7) 6884 | -10/Subcaves | Ambushed by Subdweller buried in earth 8220 | -10/Subcaves | Build established: Mutant 9055 | -10/Subcaves | Visited 4L-MR0's lab 9071 | -10/Subcaves | Found Prototype Special Melee Weapon 9079 | -10/Subcaves | Found Cargo Legs 9455 | -10/Subcaves | Entered Scraptown 9637 | -7/Scraptown | Visited Symbiants 9672 | -7/Scraptown | Visited Cave Peace 9685 | -7/Scraptown | Visited TADAMA 9718 | -7/Scraptown | Visited CR-KLE's Repair Center 9757 | -7/Scraptown | Scanned Subdweller tech in exchange for log data 9761 | -7/Scraptown | Learned Factory terminal intel 9762 | -7/Scraptown | Learned location of 1 exit from Research 9764 | -7/Scraptown | Learned Research terminal intel 9766 | -7/Scraptown | Learned location of Armory (-3) 9767 | -7/Scraptown | Learned location of Extension (-6) 9822 | -7/Scraptown | Discovered new exit (range 11) 9891 | -7/Scraptown | Received an X-ray algorithm 10221 | -7/Scraptown | Visited Assassins FH 10261 | -7/Scraptown | Visited UFD Registry 10261 | -7/Scraptown | Registered with UFD as "Laserbot" 10281 | -7/Scraptown | Visited Cyclists 10294 | -7/Scraptown | Entered Cyclist Reading Room 10332 | -7/Scraptown | Visited Shadow of the Wyrm 10398 | -7/Scraptown | Visited Junk Cannon Lab 10470 | -7/Scraptown | Visited Derelict Rescue Squad 10480 | -7/Scraptown | Found DRS Beacon 10532 | -7/Scraptown | Delivered Scrap Shield to a Scientist 10634 | -7/Scraptown | Visited LU-1G1's Boring Crew 10655 | -7/Scraptown | Visited DA-N13 Charitable Foundation 10662 | -7/Scraptown | Found DCF Scrap (31 items) 10747 | -7/Scraptown | Visited Supply Room 10765 | -7/Scraptown | Visited A0-MCA Data Center 10775 | -7/Scraptown | Given a C+ rating by A0-MCA 10780 | -7/Scraptown | Found A0-MCA's Component Scanner 10814 | -7/Scraptown | Visited Botcube Research 10867 | -7/Scraptown | Visited Cartography Club 11337 | -7/Scraptown | Learned location of Quarantine (-3) 11337 | -7/Scraptown | Learned 8 Factory zone layouts 11337 | -7/Scraptown | Learned 16 Factory zone layouts 11337 | -7/Scraptown | Learned 20 Factory zone layouts 11337 | -7/Scraptown | Learned 4 Access zone layouts 11337 | -7/Scraptown | Learned 8 Lower Caves zone layouts 11337 | -7/Scraptown | Learned 8 Upper Caves zone layouts 11337 | -7/Scraptown | Learned 24 Upper Caves zone layouts 11337 | -7/Scraptown | Learned 16 Proximity Caves zone layouts 11337 | -7/Scraptown | Learned 24 Proximity Caves zone layouts 11337 | -7/Scraptown | Learned 4 Hub_04(d) zone layouts 11337 | -7/Scraptown | Learned location of 1 exit from Upper Caves 11337 | -7/Scraptown | Learned location of 3 exits from Proximity Caves 11372 | -7/Scraptown | Found Deep Structural Scanner 11479 | -7/Scraptown | Found Botcube 11710 | -7/Scraptown | Found Scrap Suit 11980 | -7/Scraptown | CR-KLE repaired 6 parts 12142 | -7/Scraptown | Build established: Derelict-Mutant 12308 | -7/Scraptown | Botcube activated 12330 | -7/Scraptown | Botcube completed mutation into treaded form, armed with 2 guns. 12364 | -7/Scraptown | Discovered new exit (range 3) 12829 | -7/Scraptown | Met Optimus 12829 | -7/Scraptown | Accepted into 0bPrime 12897 | -7/Scraptown | Entered Factory 12897 | -5/Factory | Accompanied by 1 ally 12897 | -5/Factory | Evolved 10 slots: Propulsion x2, Utility x4, Weapon x4 12898 | -5/Factory | Identified exit to Upper Caves 12899 | -5/Factory | Identified exit to Factory 12900 | -5/Factory | Loaded intel: 25 terminal locations 12922 | -5/Factory | Identified 1B-0RG's Assimilator 12960 | -5/Factory | Loaded intel: 8 recycling unit locations 12987 | -5/Factory | Garrison activated, responded to threat 13000 | -5/Factory | Assimilating Fighter 6a into Collective. 13006 | -5/Factory | Assimilating Soldier 6a into Collective. 13009 | -5/Factory | Assimilating Soldier 6b into Collective. 13038 | -5/Factory | Assimilating Sentinel 6a into Collective. 13121 | -5/Factory | Attached CPS modules to Mutated Botcube. 13436 | -5/Factory | Garrison activated, responded to threat 13639 | -5/Factory | Assimilating Conveyor 6a into Collective. 13767 | -5/Factory | Build established: Scavenger-Mutant 13781 | -5/Factory | Assimilating Sage 6a into Collective. 13787 | -5/Factory | Assimilating Sage 6b into Collective. 13866 | -5/Factory | Lost 3 allies 13876 | -5/Factory | Assimilating Sentinel 6b into Collective. 13961 | -5/Factory | Assimilating Soldier 6c into Collective. 13964 | -5/Factory | Assimilating Soldier 6d into Collective. 14025 | -5/Factory | Assimilating Sage 6c into Collective. 14122 | -5/Factory | Assimilating Slayer 6a into Collective. 14151 | -5/Factory | Assimilating Conveyor 6b into Collective. 14436 | -5/Factory | P-70 Sage assimilated allied H-66 Slayer 14441 | -5/Factory | Assimilating Sage 6d into Collective. 14607 | -5/Factory | Learned location of Testing (-2) 14694 | -5/Factory | Learned location of 1 exit from Research 14719 | -5/Factory | Learned location of Warlord (-5) 14757 | -5/Factory | Learned location of Protoforge (-3) 14799 | -5/Factory | Assimilating Conveyor 6c into Collective. 14866 | -5/Factory | Noticed UFD Elites at a Recycling Unit 14927 | -5/Factory | Lost 3 allies 15064 | -5/Factory | Assimilating Sentinel 6c into Collective. 15123 | -5/Factory | Entered Upper Caves 15123 | -5/Upper Caves | Accompanied by 3 allies 15124 | -5/Upper Caves | Encountered a Warlord checkpoint 15124 | -5/Upper Caves | Identified exit to Upper Caves 15125 | -5/Upper Caves | UFD Scientist delivered a prototype 15130 | -5/Upper Caves | Found Prototype Protection 15189 | -5/Upper Caves | Learned Factory stockpile data 15363 | -5/Upper Caves | Learned Factory security intel 15793 | -5/Upper Caves | Assimilating Fighter 6b into Collective. 15796 | -5/Upper Caves | Identified Enh. Scrap Shield 15981 | -5/Upper Caves | Learned Factory trap positions 16102 | -5/Upper Caves | Entered another Upper Caves area 16102 | -5/Upper Caves | Accompanied by 4 allies 16103 | -5/Upper Caves | Identified exit to Warlord 16139 | -5/Upper Caves | Learned location of 1 exit from Factory 17311 | -5/Upper Caves | Entered Warlord 17311 | -5/Warlord | Accompanied by 4 allies 17353 | -5/Warlord | Build established: Trapper-Mutant 17356 | -5/Warlord | System corruption cleaned by Quarantine Array 17706 | -5/Warlord | Rebuked by Warlord 17725 | -5/Warlord | Build established: Scavenger-Mutant 17731 | -5/Warlord | Warlord's base attacked by MAIN.C 17788 | -5/Warlord | Found Prototype Energy Cannon 17791 | -5/Warlord | Found Prototype Energy Cannon 17795 | -5/Warlord | Found Prototype Launcher 17796 | -5/Warlord | Identified Vortex Cannon (x2) 17885 | -5/Warlord | Identified Vortex Catalyst Activator 17885 | -5/Warlord | Found Prototype Processor 17887 | -5/Warlord | Identified Exp. Targeting Computer 17894 | -5/Warlord | Found Prototype Processor 17895 | -5/Warlord | Identified Exp. Armor Integrity Analyzer 17912 | -5/Warlord | Found Prototype Hackware 17913 | -5/Warlord | Identified System Mapper 17920 | -5/Warlord | Found Prototype Reactor 18081 | -5/Warlord | Warlord forces counterattacked 18134 | -5/Warlord | Spotted Executioner 18175 | -5/Warlord | Lost 6 allies 18188 | -5/Warlord | Build established: Commander-Mutant 18213 | -5/Warlord | Spotted Striker 18216 | -5/Warlord | Spotted Striker 18225 | -5/Warlord | Assimilating Striker into Collective. 18241 | -5/Warlord | Spotted Executioner 18256 | -5/Warlord | Spotted Striker 18268 | -5/Warlord | Allies destroyed Executioner 18268 | -5/Warlord | Discovered new exit (range 15) 18296 | -5/Warlord | Lost 9 allies 18311 | -5/Warlord | Entered Proximity Caves 18311 | -4/Proximity Caves | Accompanied by 6 allies 18327 | -4/Proximity Caves | Spotted B-86 Titan 18347 | -4/Proximity Caves | Allies destroyed B-86 Titan 18358 | -4/Proximity Caves | Learned Research terminal intel 18408 | -4/Proximity Caves | Spotter reported a threat 18424 | -4/Proximity Caves | Spotter reported a threat 18563 | -4/Proximity Caves | Build established: Scavenger-Mutant 19179 | -4/Proximity Caves | Activated DRS Beacon 19598 | -4/Proximity Caves | Attracted the attention of an 0b10 checkpoint 19712 | -4/Proximity Caves | Entered Factory 19712 | -4/Factory | Accompanied by 5 allies 19712 | -4/Factory | Evolved 2 slots: Power x1, Utility x1 19713 | -4/Factory | Identified exit to Upper Caves 19714 | -4/Factory | Loaded intel: 101 trap records 19714 | -4/Factory | Identified Vortex Chain Reactor 20155 | -4/Factory | Assimilating Sage 7a into Collective. 20164 | -4/Factory | Assimilating Sage 7b into Collective. 20218 | -4/Factory | Loaded intel: 8 recycling unit locations 20388 | -4/Factory | Lost 3 allies 20430 | -4/Factory | Assimilating Sage 7c into Collective. 20430 | -4/Factory | P-70 Sage assimilated allied Archangel 6a 20433 | -4/Factory | Assimilating Sage 7d into Collective. 20474 | -4/Factory | Lost 3 allies 20869 | -4/Factory | Assimilating Veteran 7a into Collective. 20874 | -4/Factory | Assimilating Veteran 7b into Collective. 20901 | -4/Factory | Assimilating Sage 7e into Collective. 20943 | -4/Factory | Loaded intel: 4 garrison access locations 20990 | -4/Factory | Learned location of 3 exits from Research 21037 | -4/Factory | Repaired Matter Neutralizer 21053 | -4/Factory | Learned Quarantine stockpile data 21070 | -4/Factory | Learned 4 Proximity Caves zone layouts 21075 | -4/Factory | Identified exit to Research 21120 | -4/Factory | Learned location of 2 exits from Factory 21157 | -4/Factory | Learned Research repair station intel 21298 | -4/Factory | Discovered exit to Research (range 10) 21388 | -4/Factory | Assimilating Sage 7f into Collective. 21398 | -4/Factory | Assimilating Sage 7g into Collective. 21600 | -4/Factory | Scrapoid reinforcements arrived 21976 | -4/Factory | Found Corrupted Scrap Suit 22116 | -4/Factory | Assimilating Conveyor 7a into Collective. 22212 | -4/Factory | First assault squad dispatched 22263 | -4/Factory | P-70 Sage assimilated allied 04F05-D 22279 | -4/Factory | Assimilating Swordsman 7a into Collective. 22290 | -4/Factory | Assimilating Swordsman 7b into Collective. 22314 | -4/Factory | Assimilating Sage 7h into Collective. 22317 | -4/Factory | Assimilating Sage 7i into Collective. 22325 | -4/Factory | Lost 5 allies 22328 | -4/Factory | Assimilating Enforcer 7a into Collective. 22368 | -4/Factory | Found Scrap Suit 22505 | -4/Factory | Found Prototype Device 22526 | -4/Factory | Identified Adv. EM Shield 22723 | -4/Factory | Attached Cargo Legs, gained temporary slots: Utility x2 22741 | -4/Factory | Scrapoid reinforcements arrived 22741 | -4/Factory | Entered Upper Caves 22741 | -4/Upper Caves | Accompanied by 8 allies 22743 | -4/Upper Caves | Attracted the attention of an 0b10 checkpoint 23020 | -4/Upper Caves | Learned Research non-interactive machine intel 23070 | -4/Upper Caves | Build established: Commander-Mutant 23071 | -4/Upper Caves | Learned Research stockpile data 24378 | -4/Upper Caves | Discovered new exit (range 13) 24479 | -4/Upper Caves | Entered another Upper Caves area 24479 | -4/Upper Caves | Accompanied by 8 allies 24603 | -4/Upper Caves | Learned Research emergency access door positions 24622 | -4/Upper Caves | Discovered exit to Research (range 13) 25560 | -4/Upper Caves | Discovered new exit (range 16) 25566 | -4/Upper Caves | Encountered a Warlord checkpoint 25727 | -4/Upper Caves | Entered Zhirov 25727 | -4/Zhirov | Accompanied by 8 allies 25728 | -4/Zhirov | Discovered new exit (range 4) 25759 | -4/Zhirov | Met Zhirov 25789 | -4/Zhirov | Learned location of Command (-1) 25806 | -4/Zhirov | Zhirov requested help retrieving the SGEMP Prototype 25832 | -4/Zhirov | Found Alien Artifact 25832 | -4/Zhirov | Identified Integrated Dissipator 25832 | -4/Zhirov | Installed Integrated Dissipator, increased core heat dissipation (+20) 25856 | -4/Zhirov | Found Alien Artifact 26026 | -4/Zhirov | Entered Proximity Caves 26026 | -3/Proximity Caves | Accompanied by 8 allies 26803 | -3/Proximity Caves | Entered Research 26803 | -3/Research | Accompanied by 8 allies 26803 | -3/Research | Evolved 2 slots: Utility x2 26804 | -3/Research | Identified exit to Armory 26805 | -3/Research | Identified exit to Quarantine 26805 | -3/Research | Identified exit to Research 26808 | -3/Research | Loaded intel: 71 non-interactive machine locations 26809 | -3/Research | Loaded intel: 24 terminal locations 26810 | -3/Research | Loaded intel: 4 repair station locations 26972 | -3/Research | Assimilating Swordsman 8a into Collective. 27184 | -3/Research | Found Scrap Suit 27413 | -3/Research | Build established: Scavenger-Mutant 27539 | -3/Research | Loaded intel: 5 recycling unit locations 27542 | -3/Research | Assimilating Master 8a into Collective. 27757 | -3/Research | Scraphulk reinforcements arrived 27856 | -3/Research | Scraphulk reinforcements arrived 28045 | -3/Research | Found Fusion Bomb Launcher 28053 | -3/Research | First assault squad dispatched 28079 | -3/Research | Entered Quarantine 28079 | -3/Quarantine | Accompanied by 4 allies 28160 | -3/Quarantine | Cryocooling Duct disabled 28175 | -3/Quarantine | Ambient heat levels rising (+20) 28175 | -3/Quarantine | Non-combat units ordered to evacuate 28371 | -3/Quarantine | Assimilating Master 8b into Collective. 28402 | -3/Quarantine | Found Alien Artifact 28402 | -3/Quarantine | Identified Core Reset Matrix 28402 | -3/Quarantine | Identified Transdimensional Reconstructor 28402 | -3/Quarantine | Used Core Reset Matrix 28406 | -3/Quarantine | Detected hypermatrix surge 28406 | -3/Quarantine | Sensed 17 artifacts in vicinity 28502 | -3/Quarantine | Found Phase Armor 28579 | -3/Quarantine | First assault squad dispatched 28606 | -3/Quarantine | Discovered exit to Research (range 14) 28617 | -3/Quarantine | Found Subatomic Replicator 28677 | -3/Quarantine | Found Transdimensional Reconstructor 28688 | -3/Quarantine | Found Dimensional Node Initializer 28835 | -3/Quarantine | Assimilating 03R02-K into Collective. 28923 | -3/Quarantine | Spotted Fortress 28957 | -3/Quarantine | Destroyed Fortress 28974 | -3/Quarantine | Found Vortex Chain Reactor 28978 | -3/Quarantine | Found Exp. EM Shield 28989 | -3/Quarantine | Found Vortex Chain Reactor 29099 | -3/Quarantine | Discovered new exit (range 6) 29099 | -3/Quarantine | Discovered new exit (range 7) 29126 | -3/Quarantine | Entered Section 7 29126 | -3/Section 7 | Accompanied by 3 allies 29126 | -3/Section 7 | Spotted S7 Guard 29127 | -3/Section 7 | Detected hypermatrix surge 29127 | -3/Section 7 | Sensed 16 artifacts in vicinity 29137 | -3/Section 7 | Assimilating S7 Guard into Collective. 29169 | -3/Section 7 | Found Integrity Redistributor 29283 | -3/Section 7 | Build established: Hacker-Mutant 29292 | -3/Section 7 | Found Integrity Redistributor 29397 | -3/Section 7 | Spotted S7 Guard 29410 | -3/Section 7 | Assimilating S7 Guard into Collective. 29421 | -3/Section 7 | Found Integrated Thermoelectric Network 29421 | -3/Section 7 | Installed Integrated Thermoelectric Network, gained heat-energy exchange potential 29626 | -3/Section 7 | First assault squad dispatched 29738 | -3/Section 7 | Found Integrated Reactor 29738 | -3/Section 7 | Installed Integrated Reactor, increased core energy generation (+10) 30050 | -3/Section 7 | Build established: Alien-Mutant 30155 | -3/Section 7 | High security lockdown imminent 30163 | -3/Section 7 | Spotted B-86 Titan 30170 | -3/Section 7 | Discovered exit to Research (range 28) 30172 | -3/Section 7 | Warped through subspace 30235 | -3/Section 7 | High security lockdown engaged 30314 | -3/Section 7 | Found Integrity Redistributor 30359 | -3/Section 7 | Assimilating Warden 8a into Collective. 30364 | -3/Section 7 | Assimilating Warden 8b into Collective. 30374 | -3/Section 7 | Spotted Investigator 30384 | -3/Section 7 | Scanned by Researcher 30385 | -3/Section 7 | Destroyed Investigator 30393 | -3/Section 7 | Assimilating Champion 8a into Collective. 30396 | -3/Section 7 | Assimilating Champion 8b into Collective. 30415 | -3/Section 7 | System corruption reached 10% 30436 | -3/Section 7 | Lost 3 parts (3u) 30462 | -3/Section 7 | Intercept squad dispatched 30462 | -3/Section 7 | Spotted Tracker 30464 | -3/Section 7 | Destroyed 18 combat bots 30470 | -3/Section 7 | Core integrity fell below 50% 30472 | -3/Section 7 | Spotted Combat Programmer 30474 | -3/Section 7 | Destroyed Tracker 30476 | -3/Section 7 | Assimilating Director 8a into Collective. 30501 | -3/Section 7 | Used Integrity Redistributor, redistributed integrity to core (+99) 30504 | -3/Section 7 | Destroyed Combat Programmer 30514 | -3/Section 7 | Warped through subspace 30543 | -3/Section 7 | Lost 9 parts (1n6u2w) 30600 | -3/Section 7 | Core integrity fell below 20% 30654 | -3/Section 7 | Destroyed by Y-72 Warden with Railgun Last Messages --------------- 30597_ Imp. Thunder Leg destroyed. 30597_ Dropped Imp. Thunder Leg. 30598_ Acquired 37 matter. 30599_ Acquired Antigrav System. 30600_ Slug penetrates Wall. 30600_ Penetrated by Slug. 30618_ Acquired Diametric Drive. 30620_ Acquired Cld. Impulse Thruster. 30622_ Acquired Diametric Drive. 30622_ Exp. Matter Compressor destroyed. 30627_ Acquired Lance. 30629_ Diametric Drive destroyed. 30633_ Cld. Impulse Thruster destroyed. 30633_ Slug penetrates Wall. 30634_ Component scanned: Quantum Rifle [Y-72 Warden]. 30634_ Acquired Nanosword. 30634_ Slug penetrates Wall. 30644_ EP%Q/ADKBZXVUAF P, GKY 30653_ Component scanned: Adv. Myomer Leg. 30653_ Slug penetrates Earth. Map ----- +----------------------------------------------------+ | | | | | | | | | | | | | | | | | | | | | | | | | | | | | | | ###############################?###########??????? | | ## # === #?# #??????? | | ## "" # === #?# #??????? | | ## ""S # "" === #??? ! #??????? | | ## """ "" # """ #????? ????????? | | ## """ # "T ########+####??????? | | # " *] # """ + #??????? | | ## ]!*!! "" ########### #??????? | | ## !!=!! = #?????????# ######## | | ### %*]!! ###### /#####?????????# | | ! m % @Y #??????????# | | # # %% Y